 Dungeon Crawl Stone Soup version 0.27.1-34-g3ba077fa99 (webtiles) character file.

Game seed: 8164015565458567097

1478 mcbry74 the Twirler (level 8, 0/126 HPs)
             Began as an Ogre Gladiator on Jan 26, 2022.
             Was a Believer of Okawaru.
             Succumbed to Panino's ghost's poison
             ... on level 5 of the Dungeon.
             The game lasted 00:22:59 (7520 turns).

mcbry74 the Twirler (Ogre Gladiator)                Turns: 7520, Time: 00:22:59

Health: 0/126      AC: 28    Str: 19    XL:     8   Next: 79%
Magic:  6/8        EV:  1    Int: 11    God:    Okawaru [**....]
Gold:   275        SH:  0    Dex: 10    Spells: 7/7 levels left

rFire    . . .     SeeInvis .   e - +1 halberd (venom)
rCold    . . .     Faith    .   (shield currently unavailable)
rNeg     + + +     Spirit   .   (armour currently unavailable)
rPois    +         Reflect  .   (helmet currently unavailable)
rElec    .         Harm     .   (cloak currently unavailable)
rCorr    +         Rampage  .   (gloves unavailable)
Will     .....     NoTele   +   (boots unavailable)
Stlth    +++.......             (no amulet)
HPRegen  0.31/turn              y - +4 ring of protection
MPRegen  0.11/turn              A - ring of resist corrosion

@: mighty, lethally poisoned (0 -> -4), tree-form, heroic
A: stationary, stasis, torment immunity, boosted hp, large, unfitting armour,
(tough skin 1), (horns 1), (fire resistance 1)
a: Renounce Religion, Heroism


You were on level 5 of the Dungeon.
You worshipped Okawaru.
Okawaru was pleased with you.
You were a tree.
You visited 1 branch of the dungeon, and saw 5 of its levels.

You collected 275 gold pieces.

Inventory:

Hand Weapons
 a - a +1 quarterstaff
 e - a +1 halberd of venom (weapon)
 k - a +0 hunting sling
 o - a +0 hand axe
 r - a +0 spear
 s - a +0 hand axe
 t - a +0 mace
 v - a +0 halberd
 F - a +0 giant spiked club
Missiles
 d - a throwing net
 f - 64 sling bullets
 g - 4 boomerangs (quivered)
 i - 2 javelins
 j - 152 arrows
 l - 5 atropa-tipped darts
 w - 5 poisoned darts
 I - 8 silver javelins
Armour
 b - a +0 robe (melded)
 c - a +0 hat (melded)
 D - a +0 kite shield
Magical Staves
 z - a staff of earth
Jewellery
 y - a +4 ring of protection (left branch)
 A - a ring of resist corrosion (right branch)
Wands
 p - a wand of flame (15)
 J - a wand of charming (7)
Scrolls
 q - a scroll of identify {unknown}
 u - a scroll of immolation {unknown}
 x - a scroll of fog {unknown}
 C - a scroll of enchant armour {unknown}
 G - a scroll of torment {unknown}
Potions
 h - 2 potions of degeneration


   Skills:
 - Level 6.6(11.6) Fighting
 - Level 2.3(9.6) Axes
 + Level 6.3(13.0) Polearms
 + Level 7.1(13.2) Staves
 - Level 2.0(7.0) Throwing
 - Level 2.6(7.6) Dodging


You had 7 spell levels left.
You didn't know any spells.
Your spell library contained the following spells:

 Spells                   Type           Power      Damage    Failure   Level
 Apportation              Tloc           0%         N/A       34%         1
 Slow                     Hex            0%         N/A       47%         2
 Confusing Touch          Hex            0%         N/A       71%         3
 Gell's Gravitas          Tloc           0%         N/A       71%         3
 Teleport Other           Tloc           0%         N/A       71%         3
 Alistair's Intoxication  Tmut/Pois      0%         N/A       100%        5
 Yara's Violent Unravell  Hex/Tmut       0%         3d3       100%        5
 Dispersal                Tloc           0%         N/A       100%        6
 Invisibility             Hex            0%         N/A       100%        6


Dungeon Overview and Level Annotations

Branches:
Dungeon (5/15)
 Temple: D:4-7

Altars:
Ashenzari
Dithmenos
Fedhas
Okawaru


Innate Abilities, Weirdness & Mutations

You are a tree.
Your roots penetrate the ground, keeping you stationary.
You cannot be teleported.
You are immune to unholy pain and torment.
Your maximum health is greatly increased.
Your equipment is partially melded.
You are too large for most types of armour.
((You have tough skin. (AC +1)))
((You have a pair of small horns on your head.))
((Your flesh is heat resistant. (rF+)))


Message History

Panino's ghost closely misses you.
You barely miss Panino's ghost.
Panino's ghost is severely damaged.
* * * LOW HITPOINT WARNING * * *
You feel very sick.
Panino's ghost hits you but does no damage.
You are more poisoned.
You feel very mighty all of a sudden.
* * * LOW HITPOINT WARNING * * *
You feel very sick. Panino's ghost misses you.
You slice Panino's ghost!!
You destroy Panino's ghost!
Okawaru is honoured by your kill.
* * * LOW HITPOINT WARNING * * *
You feel very sick.
Your base Polearms skill increases to level 6!
Your base Staves skill increases to level 7!
There is a lethal amount of poison in your body!
It was a potion of lignification.
You turn into a tree.
Your +0 hat melds into your body.
Your +0 robe melds into your body.
Your roots penetrate the ground.
* * * LOW HITPOINT WARNING * * *
You feel very sick.
It was a potion of magic.
Magic courses through your body.
* * * LOW HITPOINT WARNING * * *
You feel very sick.
There is a lethal amount of poison in your body!
You gain the combat prowess of a mighty hero.
* * * LOW HITPOINT WARNING * * *
You feel sick.
As you read the scroll labelled KEUVEDU QEZYA, it crumbles to dust.
It is a scroll of amnesia.
You feel forgetful for a moment.
* * * LOW HITPOINT WARNING * * *
You feel sick.
As you read the scroll labelled ICILU BICIXKEI, it crumbles to dust.
It is a scroll of enchant weapon.
Your +0 quarterstaff glows red for a moment.
You die...

#.#..### ##..# ######.# #
###'##...# ####..# #......#
......##.###.##..# #......#
......##........># #......# #
..........##.####### ######)# #
..........)........# ####'####
..........##.....#.# #.......#
......#....#.....#.### #.......#
......#....#....♣....####.......#
......#....###.....#.#..'.......#
...(..#....'............#.......#
#######....##.#########.####.####
#....##.#.......#....#.#
#....##.#.......#......#
#....##.#.......'..###.####
#######.#.......'..........
#.#..#.......'....#.####


There were no monsters in sight!

Vanquished Creatures
  The ghost of Panino the Skirmisher, an amateur DrTm of Lugonu (D:5)
  Sigmund (D:3)
  2 ogres
  2 phantoms (D:5)
  Blork the orc (D:5)
  A bullfrog (D:4)
  A gnoll sergeant (D:5)
  2 scorpions
  A water moccasin zombie (D:5)
  The ghost of Zappman123 the Magician, a weakling DEWz (D:4)
  A jelly (D:4)
  A hound (D:5)
  An iguana (D:4)
  Jessica (D:3)
  Ijyb (D:3)
  A hound skeleton (D:4)
  A hound zombie (D:5)
  8 adders
  4 gnolls (D:3)
  A worm (D:4)
  2 dart slugs
  10 orcs
  4 bats
  7 endoplasms
  2 giant cockroaches
  10 goblins
  6 hobgoblins
  3 jackals (D:3)
  6 kobolds
  5 quokkas
  6 ball pythons
  6 frilled lizards
  3 rats (D:1)
103 creatures vanquished.

Vanquished Creatures (others)
  4 toadstools (D:1)
4 creatures vanquished.

Grand Total: 107 creatures vanquished

Notes
Turn   | Place    | Note
-------+----------+-------------------------------------------
     0 | D:1      | mcbry74 the Ogre Gladiator began the quest for the Orb.
     0 | D:1      | Reached XP level 1. HP: 22/22 MP: 1/1
   154 | D:1      | Reached XP level 2. HP: 31/31 MP: 2/2
   781 | D:1      | Reached XP level 3. HP: 36/40 MP: 3/3
  1393 | D:2      | Reached skill level 5 in Fighting
  1478 | D:2      | Found a faded altar of an unknown god.
  2361 | D:2      | Reached XP level 4. HP: 47/50 MP: 4/4
  2598 | D:3      | Noticed Ijyb
  2624 | D:3      | Killed Ijyb
  2907 | D:3      | Found an iron altar of Okawaru.
  2950 | D:3      | Became a worshipper of Warmaster Okawaru
  3018 | D:3      | Noticed Jessica
  3028 | D:3      | Killed Jessica
  3029 | D:3      | Reached XP level 5. HP: 37/61 MP: 5/5
  3293 | D:3      | Reached skill level 1 in Polearms
  3308 | D:3      | Reached skill level 1 in Axes
  3635 | D:3      | Noticed Sigmund
  3672 | D:3      | HP: 3/61 [orc (2)]
  4037 | D:3      | Found a broken altar of Ashenzari.
  4151 | D:3      | Found a shadowy altar of Dithmenos.
  4337 | D:3      | Killed Sigmund
  4337 | D:3      | Reached * piety under Okawaru
  4338 | D:3      | Reached skill level 4 in Staves
  4338 | D:3      | Reached XP level 6. HP: 55/68 MP: 6/6
  4458 | D:4      | Found a blossoming altar of Fedhas.
  4661 | D:4      | Found a runed translucent door.
  4665 | D:4      | Noticed Zappman123's ghost (weakling DEWz)
  4699 | D:4      | Killed Zappman123's ghost
  4835 | D:4      | Reached XP level 7. HP: 49/76 MP: 7/7
  5469 | D:4      | Reached skill level 5 in Staves
  5633 | D:5      | Entered Level 5 of the Dungeon
  5636 | D:5      | Noticed Panino's ghost (amateur DrTm)
  5998 | D:5      | Found a runed translucent gate.
  6181 | D:5      | Found a runed translucent gate.
  6181 | D:5      | Found a runed translucent gate.
  6232 | D:5      | Reached XP level 8. HP: 56/84 MP: 8/8
  6594 | D:5      | Reached ** piety under Okawaru
  6595 | D:5      | Reached skill level 5 in Polearms
  6595 | D:5      | Reached skill level 6 in Staves
  6864 | D:5      | Noticed Blork the orc
  6922 | D:5      | Killed Blork the orc
  6925 | D:5      | Gained mutation: You have a pair of small horns on your
                  | head. [potion of mutation]
  6925 | D:5      | Gained mutation: Your flesh is heat resistant. (rF+)
                  | [potion of mutation]
  7515 | D:5      | Killed Panino's ghost
  7516 | D:5      | Reached skill level 7 in Staves
  7517 | D:5      | HP: 4/126 [poisoned by Panino's ghost]
  7519 | D:5      | HP: 1/126 [poisoned by Panino's ghost]
  7520 | D:5      | Succumbed to Panino's ghost's poison

Illustrated notes

Levels and vault maps discovered:
D:1:      ldierk_walled_garden_2, layout_basic
D:2:      layout_basic, hellmonk_ecumenical_altar_arch_garden, amethyst_killhole
D:3:      layout_rooms, lemuel_crystal_altar, lemuel_tele_altar,
          okawaru_ov_weapons_minmay, uniq_sigmund, uniq_jessica, uniq_ijyb
D:4:      minmay_spotlight, layout_loops_cross, fedhas_altar_4,
          ebering_ghost_sewer_d
D:5:      layout_basic, gammafunk_ghost_split, uniq_blork_the_orc

Skill      XL: |  1  2  3  4  5  6  7  8 |
---------------+-------------------------+-----
Fighting       | 3 4 5 6 |  6.6
Polearms       | 2 3 4 6 |  6.3
Axes           | 2 |  2.3
Staves         | 4 5 7 |  7.1
Throwing       | |  2.0
Dodging        | |  2.6

Action                   |  1- 3 |  4- 6 |  7- 9 || total
-------------------------+-------+-------+-------++-------
Melee: Quarterstaff      |   117 |   158 |   142 ||   417
       Spear             |       |     4 |       ||     4
       Halberd           |       |       |    22 ||    22
       Headbutt          |       |       |     3 ||     3
Throw: Boomerang         |       |     4 |     8 ||    12
       Throwing net      |       |     2 |     1 ||     3
       Dart              |       |       |     4 ||     4
Invok: Heroism           |       |     1 |     1 ||     2
  Use: Potion            |       |     3 |     6 ||     9
       Scroll            |       |     1 |     2 ||     3
 Stab: Held in net/web   |       |       |     1 ||     1
Armor: Robe              |    27 |    54 |    52 ||   133
Dodge: Dodged            |    70 |    67 |    67 ||   204
